 Dungeon Crawl Stone Soup version 0.19.0 (webtiles) character file.

1380 Jorund the Cleaver (level 8, -4/46 HPs)
             Began as a Gargoyle Fighter on Nov 1, 2016.
             Slain by smzp's ghost (11 damage)
             ... on level 5 of the Dungeon.
             The game lasted 00:09:42 (4450 turns).

Jorund the Cleaver (Gargoyle Fighter)               Turns: 4450, Time: 00:09:43

Health: -4/46      AC: 17    Str: 23    XL:     8   Next: 66%
Magic:  8/8        EV:  8    Int:  8    God:
Gold:   339        SH:  0    Dex:  9    Spells: 0 memorised, 7 levels left

rFire  . . .     SeeInvis .     a - +1 war axe
rCold  . . .     Gourm    .     e - +0 chain mail
rNeg   + . .     Faith    .     (no shield)
rPois  ∞         Spirit   .     (no helmet)
rElec  +         Reflect  .     r - +1 cloak
rCorr  .         Harm     .     (no gloves)
MR     .....                    (no boots)
Stlth  ..........               (no amulet)
                                (no ring)
                                (no ring)

@: flying, very slightly contaminated, hasted, invisible, very quick
A: negative energy resistance 1, electricity resistance, unbreathing,
petrification resistance, rot immunity, AC +5
a: no special abilities


You were on level 5 of the Dungeon.
You were very hungry.

You visited 1 branch of the dungeon, and saw 5 of its levels.

You collected 339 gold pieces.

Inventory:

Hand Weapons
 a - a +1 war axe (weapon)
Armour
 c - a +0 shield
 e - a +0 chain mail (worn)
 r - a +1 cloak (worn)
Jewellery
 i - an uncursed ring of wizardry
Wands
 d - a wand of digging (14/24)
 q - a wand of iceblast (11/15)
 u - a wand of acid (14/15)
Scrolls
 b - a scroll of enchant armour
 g - a scroll of magic mapping {unknown}
 m - a scroll of fear
 p - 2 scrolls of amnesia
 w - a scroll of remove curse
Comestibles
 f - 5 bread rations
 h - 3 meat rations
 s - 2 slices of pizza
 v - a beef jerky


   Skills:
 - Level 3.2 Fighting
 * Level 9.1 Axes
 + Level 5.1 Armour
 - Level 3.2 Shields


You had 7 spell levels left.
You didn't know any spells.

Dungeon Overview and Level Annotations

Branches:
Dungeon (5/15)
 Temple: D:4-7

Altars:

Annotations:
D:5 smzp's ghost, novice FoFi


Innate Abilities, Weirdness & Mutations

You are resistant to torment.
Your stone body is resilient. (AC +5)
You are immune to poison.
You resist negative energy. (rN+)
You are resistant to electric shocks. (rElec)
You can survive without breathing.
You are immune to petrification.
You are immune to rotting.


Message History

You slash smzp's ghost!
Smzp's ghost is heavily damaged.
Smzp's ghost hits you.
* * * LOW HITPOINT WARNING * * *
You closely miss smzp's ghost.
Smzp's ghost is heavily damaged.
Unknown command.
It was a potion of flight.
You feel very buoyant.
You fly up into the air.
Smzp's ghost barely misses you.
It was a potion of invisibility.
You fade into invisibility!
Smzp's ghost hits you but does no damage.
You hit smzp's ghost.
Smzp's ghost is severely damaged.
Unknown command.
You hit smzp's ghost.
Smzp's ghost is severely damaged.
Smzp's ghost hits you!
You die...

######## ##...## #########
.......###.....## #.......#
W......##.......####.#####.#
#####W................# #.#
#...#.......#####.# #.#
#...##.....## #.# #.#
#####...###...## #.# #.#
........####..#######.# #.#
..###..........W@>.##.# #.#
..#
#..######.####.##.####.##
..###.(# #.# #..........#
.......# #.# #.##.#.##..#
...##..# #.# #.##.#.##..#
......## #.# #.##...##..#
......§.. #.# #.####.##..#
.#...###. ... ..# #.##..#
###.## ### ##.##..#


You could see smzp's ghost.

Vanquished Creatures
  Grinder (D:4)
  Prince Ribbit (D:5)
  Sigmund (D:3)
  The ghost of flt the Conjurer, an amateur DECj (D:4)
  An ogre (D:4)
  A crimson imp (D:5)
  A howler monkey (D:4)
  A jelly (D:5)
  A hound (D:5)
  Crazy Yiuf (D:3)
  7 orc wizards
  A bullfrog skeleton (D:5)
  Terence (D:2)
  An iguana (D:5)
  A worker ant (D:4)
  3 adders
  3 gnolls (D:2)
  A shadow imp (D:5)
  2 oozes
  An adder zombie (D:5)
  2 worms
  2 dart slugs (D:1)
  4 leopard geckos
  19 orcs
  8 bats
  4 giant cockroaches
  6 goblins
  3 hobgoblins
  10 jackals
  8 kobolds
  4 quokkas
  2 frilled lizards
  A jackal zombie (D:3)
  A leopard gecko zombie (D:3)
  A quokka zombie (D:3)
  6 rats
112 creatures vanquished.

Notes
Turn   | Place    | Note
-------+----------+-------------------------------------------
     0 | D:1      | Jorund the Gargoyle Fighter began the quest for the Orb.
     0 | D:1      | Reached XP level 1. HP: 14/14 MP: 1/1
    92 | D:1      | Reached skill level 2 in Axes
   211 | D:1      | Reached XP level 2. HP: 18/19 MP: 2/2
   630 | D:1      | Reached XP level 3. HP: 19/23 MP: 3/3
   709 | D:1      | Reached skill level 3 in Axes
  1145 | D:2      | Noticed Terence
  1164 | D:2      | Killed Terence
  1164 | D:2      | Reached XP level 4. HP: 14/28 MP: 4/4
  1391 | D:2      | Found a faded altar of an unknown god.
  1669 | D:2      | Reached skill level 4 in Axes
  1900 | D:3      | Found a runed door.
  1945 | D:3      | Reached XP level 5. HP: 7/32 MP: 5/5
  2401 | D:3      | Noticed Sigmund
  2413 | D:3      | Killed Sigmund
  2413 | D:3      | Reached skill level 5 in Axes
  2413 | D:3      | Reached XP level 6. HP: 37/37 MP: 6/6
  2625 | D:3      | Noticed Crazy Yiuf
  2630 | D:3      | Killed Crazy Yiuf
  2749 | D:4      | Noticed flt's ghost (amateur DECj)
  2765 | D:4      | Killed flt's ghost
  2765 | D:4      | Reached skill level 6 in Axes
  2765 | D:4      | Reached XP level 7. HP: 22/41 MP: 7/7
  3269 | D:4      | Reached skill level 7 in Axes
  3467 | D:4      | Noticed Grinder
  3482 | D:4      | Killed Grinder
  3482 | D:4      | Reached XP level 8. HP: 25/46 MP: 8/8
  3534 | D:4      | Reached skill level 8 in Axes
  3886 | D:5      | Entered Level 5 of the Dungeon
  3969 | D:5      | Noticed smzp's ghost (novice FoFi)
  4353 | D:5      | Noticed Prince Ribbit
  4403 | D:5      | Killed Prince Ribbit
  4403 | D:5      | Reached skill level 9 in Axes
  4403 | D:5      | Reached skill level 5 in Armour
  4450 | D:5      | Slain by smzp's ghost

Skill      XL: |  1  2  3  4  5  6  7  8 |
---------------+-------------------------+-----
Axes           | 2 3 4 5 6 7 9 |  9.1
Armour         | 4 5 |  5.1
Fighting       | |  3.2
Shields        | |  3.2

Action                   |  1- 3 |  4- 6 |  7- 9 || total
-------------------------+-------+-------+-------++-------
Melee: War axe           |   130 |   159 |   175 ||   464
  Use: Potion            |     1 |     4 |     3 ||     8
       Scroll            |       |       |    10 ||    10
  Eat: Chunk             |     1 |     5 |     5 ||    11
Armor: Scale mail        |    75 |   115 |    45 ||   235
       Chain mail        |       |       |    68 ||    68
Dodge: Dodged            |    67 |    86 |    74 ||   227
